 Dungeon Crawl Stone Soup version 0.31-a0-150-g89dc3ad700 (webtiles) character file.

Game seed: 15684461283136699071

58 lunkers the Covered (level 4, -6/40 HPs)
             Began as a Meteoran Wanderer on June 8, 2023.
             Was an Initiate of Yredelemnul.
             Mangled by Menkaure (9 damage)
             ... on level 4 of the Dungeon.
             The game lasted 00:03:32 (1574 turns).

lunkers the Covered (Meteoran Wanderer)             Turns: 1574, Time: 00:03:32

Health: -6/40      AC: 10    Str: 18    XL:     4   Next: 43%
Magic:  5/7        EV:  9    Int: 10    God:    Yredelemnul [......]
Gold:   152        SH:  0    Dex: 14    Spells: 4/5 levels left

rFire   . . .        o - staff of conjuration
rCold   . . .        (no shield)
rNeg    . . .        d - +2 scale mail
rPois   .            (no helmet)
rElec   .            (no cloak)
rCorr   .            (no gloves)
SInv    .            f - +0 pair of boots
Will    .....        (no amulet) Stlth
                     (no ring)
HPRegen 0.26/turn    (no ring)
MPRegen 0.10/turn

%: no passive effects
@: weak-willed, very slightly contaminated, glowing
A: sense surroundings 1, otherworldly, glowing, explore regen
a: Renounce Religion, Recall Undead Harvest


You were on level 4 of the Dungeon.
You worshipped Yredelemnul.
Yredelemnul was noncommittal.
You visited 1 branch of the dungeon, and saw 4 of its levels.

You collected 152 gold pieces.

Inventory:

Hand Weapons
 a - a +0 club
 g - a +0 whip
Armour
 d - a +2 scale mail (worn)
 f - a +0 pair of boots (worn)
Magical Staves
 o - a staff of conjuration (weapon)
Scrolls
 b - 3 scrolls of teleportation
 c - 2 scrolls of fog
 m - a scroll of brand weapon {unknown}
Potions
 h - a potion of mutation {unknown}
 i - a potion of attraction {unknown}
 k - a potion of degeneration {unknown}
 n - a potion of haste {unknown}


   Skills:
 + Level 3.8 Fighting
 - Level 4.8 Armour
 - Level 1.4 Stealth
 - Level 1.3 Spellcasting
 - Level 2.4 Fire Magic
 - Level 1.2 Evocations


You had 4 spell levels left.
You knew the following spells:

 Your Spells              Type           Power      Damage    Failure   Level
p - Foxfire               Conj/Fire      16%        2x1d4     52%         1

Your spell library contained the following spells:

 Spells                   Type           Power      Damage    Failure   Level
 Inner Flame              Hex/Fire       3%         N/A       88%         3


Dungeon Overview and Level Annotations

Branches:
Dungeon (4/15) Zot: 808
 Temple: D:4-7

Altars:
Qazlal
Vehumet
Yredelemnul

Annotations:
D:4 Edmund, Menkaure, Sigmund


Innate Abilities, Weirdness & Mutations

You passively map a small area around you.
You are easily found by Zot.
You glow in the dark.
You regain HP and MP as you explore.


Message History

Casting: Foxfire (safe; 52% risk of failure)
Press: ? - help, Q - select action, (/) - cycle Dir - look around, f - activate You feel a surge of power!
You miscast Foxfire.
Nothing appears to happen.
Something hits you. The hobgoblin hits your jackal zombie.
Your jackal zombie is destroyed!
Menkaure casts a spell.
Menkaure seems to speed up.
Unknown command.
Casting: Foxfire (safe; 52% risk of failure)
Press: ? - help, Q - select action, (/) - cycle Dir - look around, f - activate You feel a surge of power!
You miscast Foxfire.
Nothing appears to happen.
A magic dart appears from out of thin air!
The magic dart hits you!
Unknown command.
Unknown command.
Okay, then.
Blink to where?
Press: ? - help, Dir - move target, f - you Are you sure you want to cancel this blink?
Okay, then.
As you read the scroll labelled GECHA BAJAYMOE, it crumbles to dust.
It was a scroll of blinking.
Menkaure hits you!!
Ouch! That really hurt!
* * * LOW HITPOINT WARNING * * *
Something hits you but does no damage.
As you read the scroll labelled QUTRANL RECZY, it crumbles to dust.
Magic quickly surges around you.
It was a scroll of vulnerability.
Menkaure hits you.
* * * LOW HITPOINT WARNING * * *
The hobgoblin hits you.
* * * LOW HITPOINT WARNING * * *
Menkaure completely misses you.
As you read the scroll labelled BYVUGOGINU, it crumbles to dust.
Your body is wracked with pain!
* * * LOW HITPOINT WARNING * * *
The hobgoblin convulses!
Something is bathed in an unholy light!
It was a scroll of torment.
Something hits you but does no damage. Menkaure hits you!
You die...
Your body rises from the dead as a mindless zombie.

#.# ##.
####.###
..#....
#.Z..#.#
....# *
#.####.#
....#
#......#
....#
######.#
...## #.#
...# ## *
#.# ...#
#...##.#
...# *
,#..M@#
..... ,
....)..g#
..#..
.....g{##
..#..
.......*
, .......
, .......
.......
,.......


You could see Menkaure (fast, weak-willed), a hobgoblin (weak-willed) and a
goblin (weak-willed).

Vanquished Creatures
  An adder (D:2)
  2 worms (D:2)
  2 endoplasms (D:1)
  4 giant cockroaches
  3 hobgoblins (D:3)
  2 jackals
  3 kobolds
  3 quokkas (D:3)
  A ball python (D:2)
  3 bats
  2 frilled lizards (D:1)
  5 rats
31 creatures vanquished.

Vanquished Creatures (collateral kills)
  An endoplasm (D:2)
  2 giant cockroaches
  A goblin (D:2)
  2 jackals
  A ball python (D:2)
  A frilled lizard (D:3)
  A kobold (D:2)
9 creatures vanquished.

Vanquished Creatures (others)
  A hobgoblin zombie (D:3)
  A jackal zombie (D:4)
  28 foxfires
30 creatures vanquished.

Grand Total: 70 creatures vanquished

Notes
Turn   | Place    | Note
-------+----------+-------------------------------------------
     0 | D:1      | lunkers the Meteoran Wanderer began the quest for the Orb.
     0 | D:1      | lunkers set off with the following items: a +0 club, a
                  | scroll of teleportation, a scroll of fog, a +2 scale mail;
                  | and the following spell memorised: Foxfire; and the
                  | following spells available to memorise: Inner Flame.
     0 | D:1      | Reached XP level 1. HP: 14/14 MP: 3/3
    40 | D:1      | Reached skill level 1 in Fighting
    48 | D:1      | Reached XP level 2. HP: 23/23 MP: 0/5
   329 | D:2      | Reached XP level 3. HP: 15/30 MP: 4/6
   368 | D:2      | Found a faded altar of an unknown god.
   396 | D:2      | Prayed at the altar of an unknown god.
   396 | D:2      | Became a worshipper of Yredelemnul the Dark
   396 | D:2      | Reached * piety under Yredelemnul
   826 | D:3      | Reached XP level 4. HP: 38/38 MP: 2/7
  1115 | D:3      | Found a radiant altar of Vehumet.
  1116 | D:3      | Found a stormy altar of Qazlal.
  1402 | D:4      | Noticed Edmund
  1564 | D:4      | Noticed Sigmund
  1564 | D:4      | Noticed Menkaure
  1574 | D:4      | Mangled by Menkaure

Illustrated notes

Levels and vault maps discovered:
D:1:      doesnt_arrival_eight_statues, layout_basic, nicolae_eternal_life,
          st_stairs_8
D:2:      layout_basic, basic_ecumenical_altar
D:3:      layout_basic, mainiacjoe_overflow_divided_tiny, doesnt_xom_only_xom,
          item_on_display_a
D:4:      layout_basic, mainiacjoe_overflow_paths,
          nicolae_overflow_two_pavilions, uniq_sigmund, uniq_menkaure,
          uniq_edmund

Skill      XL: |  1  2  3 |
---------------+----------+-----
Fighting       | 1 2 3 |  3.8
Armour         | |  4.8
Stealth        | |  1.4
Spellcasting   | |  1.3
Fire Magic     | |  2.4
Evocations     | |  1.2

Action                     |  1- 3 |  4- 6 || total
---------------------------+-------+-------++-------
  Melee: Club              |    22 |       ||    22
         Whip              |    58 |    31 ||    89
         Staff             |       |    13 ||    13
   Cast: Foxfire           |    18 |    11 ||    29
    Use: Scroll            |       |     4 ||     4
 Armour: Scale mail        |    37 |    30 ||    67
  Dodge: Dodged            |    25 |    20 ||    45

Table legend: (Time is in decaauts)
 A = Elapsed time spent in this place.
 B = Non-inter-level travel time spent in this place.
 C = Inter-level travel time spent in this place.
 D = Time resting spent in this place.
 E = Time spent auto-exploring this place.
 F = Levels seen in this place.
 G = Mean time per level.
                   A        B        C        D        E       F      G
               +--------+--------+--------+--------+--------+-----+--------+
         Total |   1590 |   1453 |    137 |      0 |   1051 |   4 |  397.5 |
       Dungeon |   1590 |   1453 |    137 |      0 |   1051 |   4 |  397.5 |
               +--------+--------+--------+--------+--------+-----+--------+

Top non-repeatable levels by time:
     D:3: 597 daAuts
     D:2: 492 daAuts
     D:1: 320 daAuts
     D:4: 180 daAuts
